 Dungeon Crawl Stone Soup version 0.17-a0-2064-g265a032 (webtiles) character file.

1684 Maka the Basher (level 9, 0/74 HPs)
             Began as a Hill Orc Fighter on Oct 13, 2015.
             Was a Believer of Okawaru.
             Slain by an orc warrior (4 damage)
             ... in a bailey.
             The game lasted 00:14:43 (6662 turns).

Maka the Basher (Hill Orc Fighter)                  Turns: 6662, Time: 00:14:43

Health: 0/74       AC: 16    Str: 19    XL:     9   Next: 2%
Magic:  9/9        EV:  5    Int:  8    God:    Okawaru [**....]
Gold:   234        SH: 10    Dex: 13    Spells: 0 memorised, 8 levels left

rFire  . . .     SeeInvis .     b - -1 morningstar
rCold  + . .     Clarity  .     f - +0 chain mail
rNeg   . . .     SustAt   .     c - +0 shield
rPois  .         Gourm    .     d - +2 helmet
rElec  .         Spirit   .     p - +0 cloak
rCorr  .         Warding  .     (no gloves)
rMut   .         Stasis   .     r - +0 pair of boots
MR     .....                    k - amulet of faith
Stlth  ..........               (no ring)
                                h - ring of protection from cold

@: very slightly contaminated, hasted, very quick, not resistant to hostile
enchantments, extremely unstealthy
A: no striking features
a: Heroism, Renounce Religion


You were in a bailey.
You worshipped Okawaru.
Okawaru was pleased with you.
You were not hungry.

You visited 2 branches of the dungeon, and saw 8 of its levels.
You also visited: Bailey.

You collected 234 gold pieces.

Inventory:

Hand Weapons
 a - a +0 flail
 b - a -1 morningstar (weapon)
Armour
 c - a +0 shield (worn)
 d - a +2 helmet (worn)
 f - a +0 chain mail (worn)
 p - a +0 cloak (worn)
 r - a +0 pair of boots (worn)
Jewellery
 h - a ring of protection from cold (left hand)
 k - an amulet of faith (around neck)
Wands
 g - a wand of flame (24)
Scrolls
 i - a scroll of fear
 o - a scroll of teleportation
 t - a scroll of enchant weapon
Potions
 l - 3 potions of agility
 s - a potion of flight
Comestibles
 e - 4 bread rations
 m - 4 meat rations


   Skills:
 - Level 5.1 Fighting
 - Level 9.1 Maces & Flails
 + Level 7.6 Armour
 - Level 5.0 Shields


You had 8 spell levels left.
You didn't know any spells.

Dungeon Overview and Level Annotations

Branches:
Dungeon (7/15)             Temple (1/1) D:4

Altars:
Ashenzari
Cheibriados
Dithmenos
Elyvilon
Fedhas
Gozag
Kikubaaqudgha
Makhleb
Nemelex Xobeh
Okawaru
Qazlal
Ru
Sif Muna
Trog
Vehumet
Xom
Yredelemnul
Zin

Shops:
D:6 =

Annotations:
D:3 Banto's ghost, amateur VSMo


Message History

The orc shoots a bolt.
The bolt hits you!
* * * LOW HITPOINT WARNING * * *
The orc warrior hits you.
* * * LOW HITPOINT WARNING * * *
You sock the orc warrior!
The orc warrior is severely wounded.
You block the orc warrior's attack.
The orc warrior shoots a bolt.
The bolt hits you.
* * * LOW HITPOINT WARNING * * *
The orc shoots a bolt.
You block the bolt.
Drink which item? (? for menu, Esc to quit)
You feel yourself speed up. You block the orc warrior's attack.
The orc shoots a bolt.
You block the bolt.
The orc warrior shoots a bolt.
The bolt hits you.
* * * LOW HITPOINT WARNING * * *
You are very lightly contaminated with residual magic.
The orc warrior barely misses you.
The orc warrior unwields an uncursed arbalest.
The orc warrior hits you.
You die...

..(..# ...... .....# ......
.....## #...... ....(.#
....... ..(..(## ##.......
......(## ##..o....o
≈≈≈≈..).#### ####....≈≈≈≈≈
#.#≈≈...((.###...o(.≈≈#
#.##≈.......).((@o(.≈##.#
.^..≈....)..((......≈..^..≈.
#.##≈.(.)...........≈##.##≈.
#.#≈≈...............≈≈#o#≈≈.
≈≈≈≈....(............≈≈≈≈≈..
........(.....(.............
................(...........
.......(..((.....(..........
.............(....(((.......


You could see 2 orc warriors and an orc.

Vanquished Creatures
  A sky beast (D:7)
  An orc warrior (D:5)
  A phantom (D:6)
  4 ogres
  A centaur (D:7)
  A giant frog (D:6)
  2 scorpions
  5 crimson imps
  6 orc priests
  A hound (D:6)
  Terence (D:2)
  2 orc wizards
  4 worker ants
  A hound skeleton (D:5)
  Robin (D:2)
  3 gnolls (D:3)
  10 adders
  A shadow imp (D:5)
  An adder zombie (D:5)
  6 worms
  4 giant geckos
  16 orcs
  5 giant cockroaches
  29 goblins
  9 hobgoblins
  14 jackals
  4 quokkas
  2 ball pythons
  A bat (D:3)
  7 giant newts
  5 kobolds
  2 rats
151 creatures vanquished.

Notes
Turn   | Place    | Note
--------------------------------------------------------------
     0 | D:1      | Maka the Hill Orc Fighter began the quest for the Orb.
     0 | D:1      | Reached XP level 1. HP: 19/19 MP: 1/1
   188 | D:1      | Reached XP level 2. HP: 17/26 MP: 2/2
   577 | D:2      | Reached XP level 3. HP: 28/31 MP: 3/3
   595 | D:2      | Noticed Robin
   623 | D:2      | Killed Robin
   623 | D:2      | Reached skill level 4 in Maces & Flails
   899 | D:2      | Noticed Terence
   900 | D:2      | Found a basalt altar of Yredelemnul.
   974 | D:2      | Reached XP level 4. HP: 39/39 MP: 4/4
  1126 | D:2      | Killed Terence
  1126 | D:2      | Reached skill level 5 in Maces & Flails
  1515 | D:3      | Reached XP level 5. HP: 41/45 MP: 5/5
  1537 | D:3      | Noticed Banto's ghost (amateur VSMo)
  1929 | D:3      | Found a sparkling altar of Nemelex Xobeh.
  2393 | D:3      | Reached skill level 6 in Maces & Flails
  2590 | D:3      | Reached XP level 6. HP: 12/51 MP: 6/6
  2837 | D:4      | Reached skill level 5 in Armour
  2944 | D:4      | Noticed an ogre
  2951 | D:4      | Killed an ogre
  2988 | D:4      | Reached XP level 7. HP: 41/57 MP: 7/7
  3537 | D:4      | Found a staircase to the Ecumenical Temple.
  3546 | Temple   | Entered the Ecumenical Temple
  3568 | Temple   | Became a worshipper of Warmaster Okawaru
  4007 | D:5      | Entered Level 5 of the Dungeon
  4142 | D:5      | Reached skill level 7 in Maces & Flails
  4394 | D:5      | Reached skill level 8 in Maces & Flails
  4502 | D:5      | Reached XP level 8. HP: 38/64 MP: 8/8
  4680 | D:5      | Found a radiant altar of Vehumet.
  4698 | D:5      | Reached * piety under Okawaru
  4971 | D:6      | Reached skill level 9 in Maces & Flails
  5101 | D:6      | Reached skill level 5 in Fighting
  5642 | D:6      | Reached ** piety under Okawaru
  5642 | D:6      | Reached skill level 5 in Shields
  5657 | D:6      | Found a burning altar of Makhleb.
  5704 | D:6      | Found Pofatonn's Jewellery Shop.
  5822 | D:6      | Found a shadowy altar of Dithmenos.
  5874 | D:7      | Found a flagged portal.
  5918 | D:7      | Reached XP level 9. HP: 26/74 MP: 9/9
  5941 | Bailey   | Entered a bailey
  6660 | Bailey   | HP: 3/74 [orc warrior/bolt (6)]
  6662 | Bailey   | Slain by an orc warrior

Vault maps used:
D:1:      shiori_arrival_oz
D:2:      kennysheep_the_goblin_king, lemuel_tele_altar, uniq_robin,
          uniq_terence
D:3:      minmay_misc_feat_iff, nemelex_diamond_rough_becter
D:4:      minmay_temple_entry_junction2, hex_large
D:5:      fiery_altar_vehumet, first_bread
D:6:      serial_shops, kennysheep_little_box, basic_altar,
          grunt_dithmenos_smoke
D:7:      hangedman_cross_stitches, gammafunk_temple_overflow_elements,
          enter_bailey_3
Temple:   water_room_temple_a_12
Bailey:   bailey_polearm_2, bailey

Action                   |  1- 3 |  4- 6 |  7- 9 || total
-------------------------+-------+-------+-------++-------
Melee: Flail             |   163 |   243 |    12 ||   418
       Morningstar       |       |       |   336 ||   336
  Use: Potion            |     2 |       |     3 ||     5
       Scroll            |       |       |    12 ||    12
  Eat: Chunk             |     1 |     7 |     5 ||    13
       Fruit             |       |       |     2 ||     2
       Pizza             |       |       |     1 ||     1
       Meat ration       |       |       |     1 ||     1
